 Dungeon Crawl Stone Soup version 0.21.0-25-ge575cb9ce8 (webtiles) character file.

97 Krosko the Digger (level 4, -3/24 HPs)
             Began as a Gargoyle Earth Elementalist on Jan 22, 2018.
             Slain by a worm (9 damage)
             ... on level 2 of the Dungeon.
             The game lasted 00:08:41 (1204 turns).

Krosko the Digger (Gargoyle Earth Elementalist)     Turns: 1204, Time: 00:08:42

Health: -3/24      AC:  5    Str: 12    XL:     4   Next: 68%
Magic:  2/8        EV: 12    Int: 16    God:
Gold:   41         SH:  0    Dex: 10    Spells: 5/8 levels left

rFire    . . .     SeeInvis .   k - -1 short sword (curse)
rCold    . . .     Gourm    .   (no shield)
rNeg     + . .     Faith    .   c - +0 robe
rPois    ∞         Spirit   .   (no helmet)
rElec    +         Reflect  .   (no cloak)
rCorr    .         Harm     .   (no gloves)
MR       .....                  (no boots)
Stlth    +.........             (no amulet)
HPRegen  0.08/turn              h - ring of loudness (curse)
MPRegen  0.11/turn              (no ring)

@: no status effects
A: negative energy resistance 1, electricity resistance, unbreathing,
petrification resistance, rot immunity, AC +3
a: no special abilities


You were on level 2 of the Dungeon.
You were hungry.

You visited 1 branch of the dungeon, and saw 2 of its levels.

You collected 41 gold pieces.

Inventory:

Hand Weapons
 g - a +0 club
 k - a cursed -1 short sword (weapon)
Missiles
 b - 9 stones (quivered)
Armour
 c - a +0 robe (worn)
 l - a +0 robe
Jewellery
 h - a cursed ring of loudness (left hand)
Scrolls
 a - a scroll of amnesia {unknown}
 i - a scroll of identify {unknown}
 m - a scroll of enchant weapon {unknown}
 n - a scroll of teleportation {unknown}
Potions
 f - a potion of lignification {unknown}
Books
 e - a book of Geomancy

   Spells                             Type                      Level
   a - Sandblast                      Earth                        1
   b - Passwall                       Transmutation/Earth          2
   c - Stone Arrow                    Conjuration/Earth            3
   d - Petrify                        Transmutation/Earth          4
   e - Lee's Rapid Deconstruction     Earth                        5
Comestibles
 d - 3 rations
 j - 2 chunks of flesh


   Skills:
 - Level 1.6 Dodging
 + Level 3.5 Stealth
 + Level 2.9 Spellcasting
 - Level 0.7 Transmutations
 + Level 4.8 Earth Magic


You had 5 spell levels left.
You knew the following spells:

 Your Spells              Type           Power        Failure   Level  Hunger
a - Sandblast             Erth           ###...       2%          1    #......
b - Passwall              Tmut/Erth      ##........   9%          2    ##.....


Dungeon Overview and Level Annotations

Branches:
Dungeon (2/15)

Altars:


Innate Abilities, Weirdness & Mutations

You are resistant to torment.
Your stone body is resilient. (AC +3)
You are immune to poison.
You resist negative energy. (rN+)
You are resistant to electric shocks. (rElec)
You can survive without breathing.
You are immune to petrification.
You are immune to rotting.


Message History

You are too injured to fight recklessly!
You hit the worm but do no damage.
The worm is heavily wounded.
You hit the worm.
The worm is severely wounded.
The worm bites you.
* * * LOW HITPOINT WARNING * * *
You hit the worm.
The worm is severely wounded.
The worm bites you but does no damage.
You hit the worm but do no damage.
The worm is heavily wounded.
The worm barely misses you.
Your magical contamination has completely faded away.
You barely miss the worm.
The worm is heavily wounded.
You barely miss the worm.
The worm is heavily wounded.
The worm bites you!
You die...

######### #.......#
#.......######### ...
#...............# ...
#...............# ....
#...............#.....
#...............#...[.
#....††.#####.........
####...## #[@.......
#...# #..w...### #...#
#$..).(#
######...######.?....#
........................
...).................#.#
#........######......# #
#........# #......#
#......### #......#


You could see a worm.

Vanquished Creatures
  Jessica (D:2)
  2 adders (D:2)
  An ooze (D:2)
  2 worms (D:2)
  5 leopard geckos
  A ball python (D:1)
  4 giant cockroaches
  2 goblins (D:1)
  5 hobgoblins
  2 jackals (D:1)
  4 bats
  4 frilled lizards (D:1)
  5 kobolds
  A rat (D:1)
39 creatures vanquished.

Notes
Turn   | Place    | Note
-------+----------+-------------------------------------------
     0 | D:1      | Krosko the Gargoyle Earth Elementalist began the quest for the Orb.
     0 | D:1      | Reached XP level 1. HP: 10/10 MP: 3/3
   229 | D:1      | Reached skill level 4 in Earth Magic
   229 | D:1      | Reached XP level 2. HP: 15/15 MP: 0/5
   261 | D:1      | Learned a level 2 spell: Passwall
   655 | D:1      | Reached XP level 3. HP: 19/19 MP: 3/6
  1018 | D:2      | Noticed Jessica
  1037 | D:2      | Killed Jessica
  1037 | D:2      | Reached XP level 4. HP: 19/24 MP: 1/8
  1204 | D:2      | Slain by a worm

Skill      XL: |  1  2  3 |
---------------+----------+-----
Earth Magic    | 4 |  4.8
Stealth        | 3 |  3.5
Dodging        | |  1.6
Spellcasting   | |  2.9
Transmutations | |  0.7

Action                   |  1- 3 |  4- 6 || total
-------------------------+-------+-------++-------
Melee: Unarmed           |    25 |       ||    25
       Club              |    14 |       ||    14
       Short sword       |       |    15 ||    15
 Cast: Sandblast         |    41 |    19 ||    60
  Eat: Chunk             |     1 |       ||     1
Armor: Robe              |     8 |     3 ||    11
Dodge: Dodged            |    33 |     5 ||    38
